 Dungeon Crawl Stone Soup version 0.25.1-2-g60ff931df9 (webtiles) character file.

Game seed: 17411825031462059307

148132 Almogavar the Fencer (level 16, -6/160 HPs)
             Began as a Minotaur Berserker on Sept 20, 2020.
             Was the Champion of Trog.
             Mangled by a five-headed hydra (21 damage)
             ... on level 4 of the Swamp.
             The game lasted 02:00:53 (25768 turns).

Almogavar the Fencer (Minotaur Berserker)          Turns: 25768, Time: 02:01:06

Health: -6/160     AC: 32    Str: 33    XL:     16   Next: 93%
Magic:  19/19      EV: 13    Int:  3    God:    Trog [******]
Gold:   1861       SH:  0    Dex: 12    Spells: 15/15 levels left

rFire    . . .     SeeInvis +   a - +11 great sword "Udghiumi" {flame, Stlth+}
rCold    + . .     Gourm    .   (shield currently unavailable)
rNeg     + . .     Faith    .   Z - +6 chain mail of Devotion {rF- rC+ Str+4}
rPois    +         Spirit   .   H - +2 hat
rElec    .         Reflect  .   F - +2 ratskin cloak {+Rats rPois rN+ Str-1 Int-1 Dex+1}
rCorr    .         Harm     .   q - +0 pair of gloves
MR       ++...                  B - +0 pair of boots {Fly}
Stlth    ..........             x - amulet of regeneration
HPRegen  0.76/turn              Y - ring of Sif Muna's Whim {MR+ Str+3 Dex-3 Slay+5 SInv}
MPRegen  0.16/turn              E - ring "Ugach" {+Inv rF+ AC+4 Dex+2 SInv Stlth+}

@: about to teleport, berserk cooldown, flying, slowed, studying Throwing, very
slow
A: retaliatory headbutt, horns 2
a: Berserk, Trog's Hand, Brothers in Arms, Renounce Religion, Evoke Ratskin,
Evoke Invisibility, Stop Flying


You were on level 4 of the Swamp.
You worshipped Trog.
Trog was exalted by your worship.
You were not hungry.

You visited 4 branches of the dungeon, and saw 27 of its levels.
You also visited: Volcano.

You collected 3547 gold pieces.
You spent 1686 gold pieces at shops.

Inventory:

Hand Weapons
 a - the +11 great sword "Udghiumi" (weapon) {flame, Stlth+}
   (Trog gifted it to you on level 9 of the Dungeon)

   It has been specially enchanted to burn those struck by it, causing extra
   injury to most foes and up to half again as much damage against particularly
   susceptible opponents.
   Big, fiery blades are also staple armaments of hydra-hunters.
   It makes you more stealthy.
 i - a +4 hunting sling of freezing
Missiles
 e - 307 stones (quivered)
 V - 64 sling bullets
Armour
 q - a +0 pair of gloves (worn)
 v - a +1 cloak of magic resistance
 B - a +0 pair of boots of flying (worn)
 F - the +2 ratskin cloak (worn) {+Rats rPois rN+ Str-1 Int-1 Dex+1}
   (You bought it in a shop on level 9 of the Dungeon)

   It affects your strength (-1).
   It affects your intelligence (-1).
   It affects your dexterity (+1).
   It protects you from poison.
   It protects you from negative energy.
 H - a +2 hat (worn)
 K - a +0 chain mail of fire resistance
 Z - the +6 chain mail of Devotion (worn) {rF- rC+ Str+4}
   (You found it on level 6 of the Lair of Beasts)

   It affects your strength (+4).
   It makes you vulnerable to fire.
   It protects you from cold.
Jewellery
 n - an uncursed ring of positive energy
 u - an uncursed ring of protection from cold
 x - an amulet of regeneration (around neck)
 A - a +4 ring of evasion
 E - the ring "Ugach" (right hand) {+Inv rF+ AC+4 Dex+2 SInv Stlth+}
   (You acquired it on level 3 of the Lair of Beasts)

   [ring of protection]

   It affects your AC (+4).
   It affects your dexterity (+2).
   It protects you from fire.
   It lets you see invisible.
   It lets you turn invisible.
   It makes you more stealthy.
 L - an uncursed ring of protection from fire
 N - an uncursed amulet of the acrobat {unknown}
 O - the ring of the Republic {rF+ rC+ Dex+2 SInv}
   (You bought it in a shop on level 1 of the Orcish Mines)

   [ring of see invisible]

   It affects your dexterity (+2).
   It protects you from fire.
   It protects you from cold.
   It lets you see invisible.
 T - the ring of Midsummer {rPois MR+}
   (You acquired it on level 3 of the Lair of Beasts)

   [ring of poison resistance]

   It protects you from poison.
   It affects your resistance to hostile enchantments.
 Y - the ring of Sif Muna's Whim (left hand) {MR+ Str+3 Dex-3 Slay+5 SInv}
   (You found it on level 13 of the Dungeon)

   [ring of protection from magic]

   It affects your strength (+3).
   It affects your dexterity (-3).
   It affects your accuracy and damage with ranged weapons and melee attacks
   (+5).
   It affects your resistance to hostile enchantments.
   It lets you see invisible.
Wands
 t - a wand of digging (4)
 I - a wand of iceblast (24)
 Q - a wand of flame (55)
Scrolls
 f - 2 scrolls of fog
 h - 2 scrolls of summoning
 k - 3 scrolls of enchant weapon
 m - 14 scrolls of teleportation
 s - 3 scrolls of enchant armour
 w - 17 scrolls of remove curse
 y - 4 scrolls of fear
 M - a scroll of silence
 U - 2 scrolls of magic mapping
Potions
 b - 4 potions of lignification
 g - 5 potions of flight {unknown}
 j - 9 potions of curing
 l - 3 potions of heal wounds
 p - 7 potions of cancellation
 r - 6 potions of resistance
 z - a potion of degeneration {unknown}
 C - 3 potions of haste
 D - 6 potions of might
 G - 3 potions of magic {unknown}
 P - a potion of invisibility {unknown}
 S - a potion of stabbing {unknown}
Books
 X - a manual of Throwing
Miscellaneous
 d - a box of beasts
 J - a phial of floods
 R - a phial of floods
Comestibles
 c - 47 rations


   Skills:
 + Level 19.1 Fighting
 - Level 20.0 Long Blades
 - Level 12.2(12.4) Slings
 + Level 2.7(7.8) Throwing
 - Level 15.0 Armour
 + Level 7.2 Dodging
 * Level 5.4 Evocations


You had 15 spell levels left.
You didn't know any spells.
Your spell library was empty.

Dungeon Overview and Level Annotations

Branches:
Dungeon (15/15)            Temple (0/1) D:6            Lair (6/6) D:10
  Swamp (4/4) Lair:3       Spider (0/4) Lair:2        Slime (0/5) Lair:6
    Orc (2/2) D:10            Elf (0/3) Orc:2        Vaults (0/5) D:14
 Depths (0/5) D:15        Volcano (visited)

Altars:
Ashenzari
Fedhas
Kikubaaqudgha
Nemelex Xobeh
Okawaru
Qazlal
Ru
Sif Muna
Trog
Uskayaw
Wu Jian
Xom
Zin
Jiyva

Shops:
D:6 *   D:9 [   Orc:1 =   Orc:2 *[%=}((((


Innate Abilities, Weirdness & Mutations

You reflexively headbutt those who attack you in melee.
You have a pair of horns on your head.


Message History

As you read the scroll of teleportation, it crumbles to dust.
You feel strangely unstable.
A large slime creature splits.
The five-headed hydra barely misses you. x2
The five-headed hydra closely misses you.
The five-headed hydra bites you!!
* * * LOW HITPOINT WARNING * * *
The five-headed hydra completely misses you.
The swamp drake breathes noxious fumes at you.
The noxious blast engulfs you but does no damage.
The six-headed hydra bites you but does no damage.
The six-headed hydra bites you.
* * * LOW HITPOINT WARNING * * *
The six-headed hydra bites you but does no damage.
The six-headed hydra barely misses you.
The six-headed hydra bites you but does no damage.
The six-headed hydra bites you!
* * * LOW HITPOINT WARNING * * *
The slime creature hits you but does no damage.
The five-headed hydra bites you!!
You die...

≈≈≈≈≈≈≈≈≈≈≈.≈≈≈.≈≈≈≈##≈≈≈≈≈
♣
≈≈≈≈≈≈.≈≈≈..≈.♣♣≈.≈≈.≈≈.#≈.
. ≈≈≈≈≈.≈≈≈....≈♣
♣.≈≈≈≈≈≈.≈. ≈
.≈≈≈≈≈.≈≈.≈.≈♣♣ ♣≈≈≈≈≈≈≈≈.:
≈ ♣§≈≈≈≈...≈♣♣♣♣
♣♣(≈≈..≈)≈≈ ≈
♣≈≈≈≈≈≈≈§♣♣♣♣♣♣♣♣D.k$.≈♣♣≈
≈
♣≈≈≈.≈.≈≈≈♣♣.≈○○≈≈Jw≈.≈.≈.♣
.
♣.≈≈≈♣♣≈.♣♣♣≈≈○DJJ≈♣♣≈.≈≈≈.
.
♣♣.≈≈♣♣♣♣♣♣≈≈.≈○@D○≈♣≈..≈≈.
♣♣..≈♣♣♣♣♣≈≈..○○♣♣♣♣ ≈§..≈
♣≈≈≈♣♣≈≈≈≈≈.D≈≈≈♣ ♣≈.≈≈
♣.≈≈♣≈≈≈≈≈≈..≈≈≈♣ .≈≈≈
♣≈..≈♣.≈≈≈≈.♣≈.≈♣ ...
♣♣♣♣♣♣..≈≈≈.♣♣♣♣♣ ≈.♣♣.≈≈≈♣
≈≈ ♣♣}≈≈≈♣ .♣♣ ♣♣..≈♣


You could see a six-headed hydra (strong), a five-headed hydra (strong), 2 swamp
dragons, 3 slime creatures, a swamp worm (strong) and a swamp drake (catching
breath).

Vanquished Creatures
  the Lernaean hydra (Swamp:4)
  Rupert (Orc:2)
  A thorn hunter (Swamp:3)
  Gastronok (D:8)
  Kirke (Lair:4)
  An orc warlord (Orc:2)
  Louise (D:14)
  3 dire elephants (Lair:6)
  A fire dragon (D:13)
  A yaktaur captain (D:15)
  14 hydras
  Erolcha (Orc:2)
  2 vault guards (D:14)
  An anaconda (Lair:6)
  2 ghost crabs (Swamp:2)
  An ice dragon (Lair:2)
  2 death knights (D:15)
  5 centaur warriors
  4 shambling mangroves (Swamp:2)
  3 two-headed ogres
  11 alligators
  A tengu warrior (D:15)
  Urug (D:11)
  4 spriggans
  A hell knight (Volcano)
  4 orc high priests (Orc:2)
  Sonja (Lair:6)
  Nergalle (Lair:4)
  A skeletal warrior (D:15)
  5 unseen horrors
  4 wizards (D:14)
  A spriggan druid (Swamp:2)
  An obsidian statue (Volcano)
  A lindwurm (Lair:3)
  4 orc knights (Orc:2)
  2 necromancers (D:14)
  A phantasmal warrior (D:15)
  9 swamp dragons
  An oklob plant (Orc:2)
  29 ugly things
  A deep elf mage (D:14)
  6 slime creatures
  2 cyclopes
  4 manticores
  2 black mambas
  A centaur zombie (D:15)
  6 elephants (Lair:3)
  4 centaur skeletons
  An ice statue (Lair:2)
  A smoke demon (Volcano)
  3 gargoyles (D:13)
  13 spiny frogs
  A kobold demonologist (D:11)
  5 rime drakes
  4 komodo dragons
  5 yaktaurs (D:15)
  Maggie (D:8)
  2 freezing wraiths (D:15)
  A queen bee (Lair:2)
  6 trolls
  16 hornets
  3 polar bears
  5 tyrant leeches
  17 hippogriffs
  8 bog bodies
  15 blink frogs
  A water elemental (D:12)
  A vampire (D:13)
  8 shadows
  A redback (Lair:2)
  8 wyverns
  5 basilisks
  A wraith (D:13)
  8 fire bats (Volcano)
  2 hogs (Lair:4)
  12 humans (D:14)
  31 yaks
  20 vampire mosquitoes
  Grum (D:8)
  2 hungry ghosts
  11 wargs
  14 swamp worms
  19 insubstantial wisps
  8 water moccasins
  4 hell hounds
  8 swamp drakes
  8 black bears
  30 orc warriors
  7 porcupines
  An eye of draining (D:13)
  2 sky beasts
  9 ice beasts
  2 necrophages
  A phantom (D:4)
  16 ogres
  7 wolves
  5 centaurs
  7 crocodiles
  A big kobold (D:8)
  29 bullfrogs
  A gnoll sergeant (D:7)
  4 scorpions
  A troll zombie (Swamp:2)
  A wyvern skeleton (D:6)
  34 killer bees
  3 wights (D:12)
  A troll skeleton (Swamp:2)
  2 electric eels
  7 lava snakes (Volcano)
  5 crimson imps
  A quasit (D:10)
  12 orc priests
  6 hounds
  4 jellies
  A gnoll shaman (D:6)
  23 orc wizards
  2 bullfrog skeletons
  3 iguanas
  2 hell rats (Lair:5)
  14 worker ants
  A killer bee zombie (D:7)
  3 hound zombies
  2 worker ant zombies
  14 gnolls
  7 river rats (Lair:5)
  14 adders
  3 shadow imps
  3 white imps (Lair:2)
  11 oozes
  An adder zombie (D:6)
  3 adder skeletons
  3 worms
  A dart slug (D:1)
  3 leopard geckos
  71 orcs
  5 giant cockroaches
  6 goblins
  8 hobgoblins
  4 jackals (D:2)
  17 kobolds
  6 quokkas
  A ball python (D:1)
  4 bats
  3 frilled lizards
  2 leopard gecko skeletons
  7 rats
  A plant (Lair:6)
884 creatures vanquished.

Vanquished Creatures (collateral kills)
  Saint Roka (Orc:2)
  A tengu warrior (D:14)
  A two-headed ogre (D:14)
  A spriggan druid (Swamp:4)
  A swamp dragon (Swamp:4)
  A freezing wraith (D:14)
  5 humans (D:14)
  2 orc warriors
  An orc (Orc:2)
14 creatures vanquished.

Vanquished Creatures (others)
  A hornet (Swamp:4)
  A human (Lair:4)
  A wight (D:12)
  21 fungi
  5 plants
  10 toadstools (D:3)
39 creatures vanquished.

Grand Total: 937 creatures vanquished

Notes
Turn   | Place    | Note
-------+----------+-------------------------------------------
     0 | D:1      | Almogavar the Minotaur Berserker began the quest for the
                  | Orb.
     0 | D:1      | Reached XP level 1. HP: 19/19 MP: 0/0
   237 | D:1      | Reached skill level 4 in Long Blades
   255 | D:1      | Reached XP level 2. HP: 15/27 MP: 1/1
   856 | D:2      | Reached XP level 3. HP: 33/33 MP: 2/2
   878 | D:2      | Found a shimmering blue altar of Sif Muna.
   908 | D:2      | Reached ** piety under Trog
   961 | D:2      | Found a sacrificial altar of Ru.
  1083 | D:2      | Found a sparkling altar of Nemelex Xobeh.
  1396 | D:2      | Reached XP level 4. HP: 41/41 MP: 3/3
  1593 | D:2      | Reached skill level 1 in Slings
  1848 | D:3      | Found a shimmering altar of Xom.
  1995 | D:3      | Found a shattered altar of Ashenzari.
  2056 | D:3      | Reached XP level 5. HP: 43/47 MP: 4/4
  2131 | D:3      | Reached skill level 5 in Long Blades
  2717 | D:3      | Found an iron altar of Okawaru.
  2820 | D:3      | Reached *** piety under Trog
  2838 | D:3      | Reached skill level 5 in Fighting
  2838 | D:3      | Reached XP level 6. HP: 51/56 MP: 5/5
  3177 | D:4      | Reached skill level 6 in Long Blades
  3189 | D:4      | Reached XP level 7. HP: 28/61 MP: 6/6
  3892 | D:4      | Reached skill level 5 in Slings
  4188 | D:5      | Entered Level 5 of the Dungeon
  4796 | D:6      | Reached XP level 8. HP: 45/69 MP: 7/7
  4881 | D:6      | Found a staircase to the Ecumenical Temple.
  5014 | D:6      | Found a bloodstained altar of Trog.
  5220 | D:6      | Reached **** piety under Trog
  5324 | D:6      | Found a stormy altar of Qazlal.
  5485 | D:6      | Found Xaxirel's General Store.
  5490 | D:6      | Bought a +0 pair of boots of flying for 138 gold pieces
  6023 | D:7      | Reached skill level 5 in Armour
  6147 | D:7      | Reached XP level 9. HP: 75/78 MP: 8/8
  6271 | D:7      | Found a glowing silver altar of Zin.
  6823 | D:8      | Noticed a two-headed ogre
  6829 | D:8      | Killed a two-headed ogre
  6829 | D:8      | Reached skill level 10 in Slings
  6830 | D:8      | Noticed Gastronok
  6862 | D:8      | Killed Gastronok
  6862 | D:8      | Reached skill level 7 in Long Blades
  6862 | D:8      | Reached XP level 10. HP: 62/90 MP: 9/9
  6956 | D:8      | Noticed Grum
  6971 | D:8      | Killed Grum
  7052 | D:8      | Found an ornate altar of the Wu Jian Council.
  7236 | D:8      | Reached ***** piety under Trog
  7363 | D:8      | Noticed Maggie
  7376 | D:8      | Killed Maggie
  7424 | D:8      | Found a hide-covered altar of Uskayaw.
  7538 | D:8      | Noticed a cyclops
  7548 | D:8      | Killed a cyclops
  7871 | D:9      | Reached skill level 8 in Long Blades
  7988 | D:9      | Found Zoschion's Armour Shoppe.
  7996 | D:9      | Bought the +2 ratskin cloak {+Rats rPois rN+ Str-1 Int-1
                  | Dex+1} for 305 gold pieces
  7996 | D:9      | Found the +2 ratskin cloak {+Rats rPois rN+ Str-1 Int-1
                  | Dex+1}
  8166 | D:9      | Found a blossoming altar of Fedhas.
  8194 | D:9      | Received a gift from Trog
  8197 | D:9      | Got a steaming great sword {god gift}
  8198 | D:9      | Identified the +11 great sword "Udghiumi" {flame, Stlth+}
                  | (Trog gifted it to you on level 9 of the Dungeon)
  8351 | D:9      | Found a blossoming altar of Fedhas.
  8352 | D:9      | Found an ancient bone altar of Kikubaaqudgha.
  9055 | D:10     | Entered Level 10 of the Dungeon
  9058 | D:10     | Reached skill level 10 in Fighting
  9062 | D:10     | Reached XP level 11. HP: 98/98 MP: 10/10
  9251 | D:10     | Reached skill level 9 in Long Blades
  9272 | D:10     | Killed an unseen horror
  9297 | D:10     | Found a staircase to the Orcish Mines.
  9416 | D:10     | Found a staircase to the Lair.
  9553 | D:10     | Reached skill level 10 in Long Blades
  9892 | Lair:1   | Entered Level 1 of the Lair of Beasts
 10170 | Lair:1   | Reached skill level 11 in Long Blades
 10942 | Lair:2   | Found a hole to the Spider Nest.
 11130 | Lair:2   | Received a gift from Trog
 11143 | Lair:2   | Reached skill level 12 in Long Blades
 11143 | Lair:2   | Reached XP level 12. HP: 107/111 MP: 11/11
 11149 | Lair:2   | Noticed a seven-headed hydra
 11163 | Lair:2   | Killed a four-headed hydra
 11235 | Lair:2   | Noticed an ice dragon
 11252 | Lair:2   | Killed an ice dragon
 11942 | Lair:3   | Identified 2 scrolls of acquirement
 11943 | Lair:3   | Acquired the ring of Midsummer {rPois MR+}
 12002 | Lair:3   | Reached skill level 5 in Dodging
 12013 | Lair:3   | Reached skill level 13 in Long Blades
 12019 | Lair:3   | Reached skill level 10 in Armour
 12199 | Lair:3   | Received a gift from Trog
 12369 | Lair:3   | Acquired the ring "Ugach" {+Inv rF+ AC+4 Dex+2 SInv Stlth+}
 12485 | Lair:3   | Found a staircase to the Swamp.
 13043 | Lair:4   | Reached skill level 14 in Long Blades
 13116 | Lair:4   | Noticed a five-headed hydra
 13120 | Lair:4   | Noticed Nergalle
 13125 | Lair:4   | Killed a two-headed hydra
 13132 | Lair:4   | Killed Nergalle
 13132 | Lair:4   | Reached XP level 13. HP: 110/121 MP: 12/12
 13151 | Lair:4   | Found a dark tunnel.
 13159 | Volcano  | Entered a volcano
 13361 | Volcano  | Found a burning altar of Makhleb.
 13519 | Lair:4   | Noticed Kirke
 13533 | Lair:4   | Killed Kirke
 13741 | Lair:4   | Reached skill level 15 in Long Blades
 14816 | Lair:5   | Acquired 1080 gold pieces
 15058 | Lair:6   | Entered Level 6 of the Lair of Beasts
 15065 | Lair:6   | Found a staircase to the Slime Pits.
 15065 | Lair:6   | Found a viscous altar of Jiyva.
 15201 | Lair:6   | Reached ****** piety under Trog
 15408 | Lair:6   | Reached skill level 16 in Long Blades
 15417 | Lair:6   | Received a gift from Trog
 15884 | Lair:6   | Noticed a dire elephant
 15890 | Lair:6   | Killed a dire elephant
 15911 | Lair:6   | Noticed a dire elephant
 15911 | Lair:6   | Noticed a dire elephant
 15919 | Lair:6   | Killed a dire elephant
 15925 | Lair:6   | Killed a dire elephant
 15940 | Lair:6   | Got a faintly humming chain mail
 15951 | Lair:6   | Identified the +6 chain mail of Devotion {rF- rC+ Str+4}
                  | (You found it on level 6 of the Lair of Beasts)
 16068 | Lair:6   | Noticed Sonja
 16073 | Lair:6   | Killed Sonja
 16306 | Orc:1    | Entered Level 1 of the Orcish Mines
 16331 | Orc:1    | Reached XP level 14. HP: 107/132 MP: 13/13
 16332 | Orc:1    | You are sucked into a shaft and drop 1 floor!
 16332 | Orc:2    | Entered Level 2 of the Orcish Mines
 16392 | Orc:2    | Found Wofaept's Antique Weapon Emporium.
 16578 | Orc:2    | Noticed Erolcha
 16586 | Orc:2    | Killed Erolcha
 16603 | Orc:2    | Noticed Saint Roka
 16626 | Orc:2    | HP: 3/132 [Saint Roka/+0 bardiche (22)]
 16627 | Orc:2    | Killed Saint Roka
 16752 | Orc:2    | Noticed an orc warlord
 16782 | Orc:2    | Killed an orc warlord
 16782 | Orc:2    | Reached skill level 17 in Long Blades
 16878 | Orc:2    | Noticed Rupert
 16896 | Orc:2    | Killed Rupert
 16896 | Orc:2    | Reached skill level 15 in Fighting
 16931 | Orc:2    | Found Igenugez's Gadget Boutique.
 16933 | Orc:2    | Found a staircase to the Elven Halls.
 16941 | Orc:2    | Found Futrara's Antique Armour Shop.
 16942 | Orc:2    | Bought a phial of floods for 560 gold pieces
 17030 | Orc:2    | Found Qotumit's General Store.
 17051 | Orc:2    | Received a gift from Trog
 17068 | Orc:2    | Found Kyvvekh's Jewellery Boutique.
 17357 | Orc:2    | Found Tasmuunt's Weapon Emporium.
 17362 | Orc:2    | Found Afahadod's Antique Weapon Emporium.
 17373 | Orc:2    | Found Itel's Antique Weapon Boutique.
 17390 | Orc:2    | Found Ceer's Food Shoppe.
 17998 | Orc:1    | Found Cok Uboc's Jewellery Shoppe.
 18006 | Orc:1    | Bought the ring of the Republic {rF+ rC+ Dex+2 SInv} for
                  | 683 gold pieces
 18029 | Orc:1    | You are sucked into a shaft and drop 1 floor!
 18267 | D:11     | Noticed Urug
 18283 | D:11     | Killed Urug
 19077 | D:12     | Received a gift from Trog
 19726 | D:13     | Reached skill level 18 in Long Blades
 19932 | D:13     | Got a smoking glass ring
 19934 | D:13     | Identified the ring of Sif Muna's Whim {MR+ Str+3 Dex-3
                  | Slay+5 SInv} (You found it on level 13 of the Dungeon)
 20369 | D:14     | Reached XP level 15. HP: 143/143 MP: 14/14
 20562 | D:14     | Received a gift from Trog
 20571 | D:14     | Reached skill level 19 in Long Blades
 20601 | D:14     | Identified the +11 great mace of Fedhas's Approval {vorpal,
                  | +Inv Str+2}
 20702 | D:14     | Noticed Louise
 20715 | D:14     | Killed Louise
 21006 | D:14     | Found a gate to the Vaults.
 21290 | D:15     | Entered Level 15 of the Dungeon
 21545 | D:15     | Received a gift from Trog
 22020 | D:15     | Reached skill level 20 in Long Blades
 22032 | D:15     | Found a staircase to the Depths.
 22405 | Swamp:1  | Entered Level 1 of the Swamp
 22416 | Swamp:1  | Reached skill level 1 in Evocations
 22630 | Swamp:1  | Reached XP level 16. HP: 155/155 MP: 16/16
 23321 | Swamp:2  | Received a gift from Trog
 23376 | Swamp:2  | Found a transporter.
 23398 | Swamp:2  | Found a transporter.
 24376 | Swamp:3  | Noticed a thorn hunter
 24394 | Swamp:3  | Killed a thorn hunter
 25194 | Swamp:4  | Entered Level 4 of the Swamp
 25257 | Swamp:4  | Received a gift from Trog
 25398 | Swamp:4  | Reached skill level 15 in Armour
 25406 | Swamp:4  | Reached skill level 5 in Evocations
 25465 | Swamp:4  | Reached skill level 1 in Throwing
 25506 | Swamp:4  | Noticed the 27-headed Lernaean hydra
 25754 | Swamp:4  | Killed the 23-headed Lernaean hydra
 25768 | Swamp:4  | Mangled by a five-headed hydra

Illustrated notes

Levels and vault maps discovered:
D:1:      minmay_arrival_shattered_statue, layout_loops_ring
D:2:      layout_basic, nemelex_xobeh_ov_fountains_minmay, lemuel_crystal_altar,
          overflow_temple_1_default
D:3:      cheibrodos_fertilizer, layout_basic, overflow_temple_1_default,
          cheibrodos_ashenzari_chains, lemuel_coloured_pillars_altar
D:4:      layout_cave_pools, patterned_corridor
D:5:      layout_gridville, first_ration
D:6:      layout_basic, trog_ov_bears_minmay, nicolae_qazlal_general_emergency,
          minmay_temple_entry_glass, serial_shops, nicolae_shop_crystal
D:7:      layout_loops_ring, zin_treasury
D:8:      layout_loops_corners, lemuel_crystal_altar, kennysheep_little_box,
          grunt_ogre_cave, kennysheep_generic_room_15, uniq_grum,
          uniq_gastronok, uniq_maggie
D:9:      layout_basic, grunt_temple_overflow_growth_and_decay, serial_shops,
          shop, minmay_variable_closet, hangedman_abyss_or_decor_slice,
          corexii_checkpoint_a, minmay_holes, fedhas_bush_and_centaur_altar
D:10:     layout_basic, due_lair_maze_entry_diamond, minmay_orc_entry_guard_dogs
D:11:     layout_irregular_city, uniq_urug
D:12:     layout_loops_ring, serial_bayou_ford_a
D:13:     layout_loops_ring, minmay_misc_feat_square,
          ebering_dispersal_statue_hall
D:14:     layout_loops_cross, grunt_vaults_entry_tiered, uniq_louise
D:15:     grunt_enter_depths_snipers, layout_basic, columned_hall_lemuel
Lair:1:   layout_gridlike, st_stairs_13
Lair:2:   layout_hall_layers, spider_nest_entry_webs, special_room
          [special_room_bee], st_stairs_6, serial_bayou_lagoon_a, ice2_lemuel
Lair:3:   layout_cave_pods, minmay_swamp_entry_worms
Lair:4:   layout_cave_pods, lightli_volcano_entry_magma_tube, uniq_kirke,
          uniq_nergalle
Lair:5:   layout_loops_ring, chequers_serial_rivers_micro_a,
          minmay_stone_trees_small, kennysheep_rathole, lemuel_fruit_fields,
          lemuel_fruit_fields, serial_bayou_shore_b
Lair:6:   due_jungle_book, layout_loops_ring, slime_altar_1, special_room
          [special_room_mythical_zoo], uniq_sonja
Swamp:1:  layout_falls_marsh, evilmike_swamp_ruin_house_3, swamp_pool5
Swamp:2:  gammafunk_the_bubble [the_bubble_gammafunk_split], layout_basic_swamp,
          infiniplex_staircase_pool, swamp_pool1, cheibrodos_swamp_minitomb
Swamp:3:  layout_falls_marsh, evilmike_swamp_ruin_rubble_1,
          infiniplex_staircase_pool_2
Swamp:4:  swamp_alternative, layout_basic_swamp
Orc:1:    layout_caves, serial_shops, shop
Orc:2:    grunt_orc_gardens, layout_diamond_mine, grunt_orc_garden,
          grunt_orc_garden, grunt_orc_garden, grunt_orc_garden, serial_shops,
          shop, shop, shop, shop, shop, mines3_lemuel, uniq_saint_roka,
          uniq_rupert, uniq_erolcha

Skill      XL: |  1  2  3  4  5  6  7  8  9 10 11 12 13 14 15 16 |
---------------+-------------------------------------------------+-----
Long Blades    | 4 5 6 7 8 12 14 16 18 20 | 20.0
Fighting       | 4 5 7 9 10 11 13 14 15 17 19 | 19.1
Slings         | 2 3 4 6 8 11 12 | 12.2
Dodging        | 3 4 5 6 7 |  7.2
Armour         | 3 5 6 7 9 10 12 13 15 | 15.0
Evocations     | 1 5 |  5.4
Throwing       | 2 |  2.7

Action                   |  1- 3 |  4- 6 |  7- 9 | 10-12 | 13-15 | 16-18 || total
-------------------------+-------+-------+-------+-------+-------+-------++-------
Melee: Falchion          |    29 |    78 |    76 |    86 |       |       ||   269
       Headbutt          |     6 |    22 |    19 |    62 |   166 |    74 ||   349
       Great sword       |       |       |       |   219 |   697 |   251 ||  1167
 Fire: Hunting sling     |    33 |    97 |   234 |   314 |   158 |    14 ||   850
Throw: Stone             |       |       |       |       |       |    40 ||    40
Invok: Berserk           |       |       |       |     4 |     1 |     1 ||     6
       Trog's Hand       |       |       |       |     2 |     7 |     2 ||    11
       Brothers in Arms  |       |       |       |       |     2 |     3 ||     5
Evoke: Phial of floods   |       |       |       |       |     1 |       ||     1
  Use: Scroll            |       |     4 |     7 |     8 |    12 |     5 ||    36
       Potion            |       |       |       |       |     1 |     1 ||     2
  Eat: Chunk             |     1 |     6 |    11 |    20 |    32 |     7 ||    77
       Ration            |       |       |       |     1 |     1 |     2 ||     4
Armor: Animal skin       |     5 |       |       |       |       |       ||     5
       Leather armour    |       |    42 |     3 |       |       |       ||    45
       Chain mail        |       |       |    68 |   185 |   499 |   316 ||  1068
Dodge: Dodged            |    16 |    62 |    88 |   280 |   420 |   191 ||  1057
       Rpst.: Falchion   |     4 |    13 |    15 |    10 |       |       ||    42
       Great sword       |       |       |       |    51 |    95 |    29 ||   175
